 Dungeon Crawl Stone Soup version 0.28-a0-477-g0b43c73ce0 (webtiles) character file.

Game seed: 17326982408107378071

193 Dabor the Chopper (level 5, -3/53 HPs)
             Began as a Troll Berserker on Sept 17, 2021.
             Was a Priest of Trog.
             Slain by Duvessa (8 damage)
             ... on level 4 of the Dungeon.
             The game lasted 00:02:54 (2374 turns).

Dabor the Chopper (Troll Berserker)                 Turns: 2374, Time: 00:02:55

Health: -3/53      AC:  4    Str: 25    XL:     5   Next: 43%
Magic:  13/13      EV: 10    Int:  3    God:    Trog [***...]
Gold:   191        SH:  0    Dex: 10    Spells: 4/4 levels left

rFire   . . .      SeeInvis .   a - +0 hand axe
rCold   . . .      Faith    .   (no shield)
rNeg    . . .      Spirit   .   b - +0 animal skin
rPois   .          Reflect  .   (helmet restricted)
rElec   .          Harm     .   (no cloak)
rCorr   .          Rampage  .   (gloves unavailable)
Will    ++...                   (boots unavailable)
Stlth   +.........              (no amulet)
HPRegen 2.17/turn               e - ring of magical power
MPRegen 0.13/turn               g - ring of flight

@: lethally poisoned (-3 -> -4), strong-willed, on berserk cooldown, flying,
regenerating, slowed, very slow
A: large, unfitting armour, claws 3, regeneration 1, shaggy fur 1, tough skin 1
a: Renounce Religion, Berserk, Trog's Hand


You were on level 4 of the Dungeon.
You worshipped Trog.
Trog was most pleased with you.
You visited 1 branch of the dungeon, and saw 4 of its levels.

You collected 191 gold pieces.

Inventory:

Hand Weapons
 a - a +0 hand axe (weapon)
Missiles
 i - 79 stones (quivered)
Armour
 b - a +0 animal skin (worn)
Jewellery
 e - a ring of magical power (left claw)
 g - a ring of flight (right claw)
Scrolls
 c - 4 scrolls of immolation {unknown}
 f - 2 scrolls of noise {unknown}
 j - a scroll of fog {unknown}
 k - a scroll of blinking {unknown}
 l - a scroll of amnesia {unknown}
 o - a scroll of identify {unknown}
 p - a scroll of fear {unknown}
 r - a scroll of enchant armour {unknown}
Potions
 d - a potion of magic {unknown}
 h - a potion of might {unknown}
 m - a potion of brilliance {unknown}
 n - a potion of lignification {unknown}
 q - a potion of haste {unknown}


   Skills:
 * Level 3.5 Fighting
 * Level 3.5 Axes
 + Level 1.3 Throwing
 + Level 3.2 Dodging


You had 4 spell levels left.
You didn't know any spells.
Your spell library was empty.

Dungeon Overview and Level Annotations

Branches:
Dungeon (4/15)
 Temple: D:4-7

Altars:

Annotations:
D:4 Duvessa


Innate Abilities, Weirdness & Mutations

You are too large for most types of armour.
You have claws for hands.
Your natural rate of healing is unusually fast.
You are covered in fur. (AC +1)
You have tough skin. (AC +1)


Message History

Duvessa is moderately wounded.
You miss the adder. The adder bites you.
Duvessa says, "When magic and the sword combine, nothing stands against them."
Duvessa hits you with a +0 short sword. The adder bites you.
Your skin crawls.
You feel strong-willed. The adder bites you but does no damage.
Duvessa hits you but does no damage. The adder barely misses you.
Duvessa hits you with a +0 short sword.
* * * LOW HITPOINT WARNING * * *
You feel the effects of Trog's Hand fading.
The adder completely misses you. The adder barely misses you.
Duvessa hits you with a +0 short sword!
* * * LOW HITPOINT WARNING * * *
The adder bites you.
* * * LOW HITPOINT WARNING * * *
You are poisoned.
The adder poisons you!
You see here 14 gold pieces.
You feel sick. The adder barely misses you.
Duvessa hits you with a +0 short sword.
* * * LOW HITPOINT WARNING * * *
You closely miss the adder.
The adder is severely wounded.
You hit Duvessa but do no damage.
Your skin stops crawling.
You feel less strong-willed.
You feel sick. The adder bites you.
* * * LOW HITPOINT WARNING * * *
You are more poisoned.
The adder poisons you! Duvessa hits you but does no damage.
The adder bites you but does no damage.
Okay, then.
Your skin crawls.
You feel strong-willed.
You feel very sick. The adder bites you.
* * * LOW HITPOINT WARNING * * *
Duvessa hits you with a +0 short sword.
* * * LOW HITPOINT WARNING * * *
The adder closely misses you. Duvessa hits you with a +0 short sword!
You die...

####.. #.... #...
#..# #..# #..#
#.w# #eS# ...##
#.@# ....####
##..# .......
.........# ......
....###..# .....#
## #..#
.....##########..#
..†#.#.>.........#
#......########..#
#.#...###........#


You could see Duvessa, an adder and a dart slug.

Vanquished Creatures
  A phantom (D:4)
  4 adders (D:2)
  3 worms (D:2)
  2 dart slugs
  8 ball pythons
  8 endoplasms
  A giant cockroach (D:1)
  5 hobgoblins
  7 kobolds
  4 quokkas
  5 bats
  9 frilled lizards
  6 goblins
  9 rats
72 creatures vanquished.

Notes
Turn   | Place    | Note
-------+----------+-------------------------------------------
     0 | D:1      | Dabor the Troll Berserker began the quest for the Orb.
     0 | D:1      | Reached XP level 1. HP: 22/22 MP: 0/0
   205 | D:1      | Reached XP level 2. HP: 29/29 MP: 1/1
   396 | D:1      | Reached ** piety under Trog
   621 | D:1      | Reached XP level 3. HP: 36/36 MP: 2/2
   900 | D:2      | Reached XP level 4. HP: 35/45 MP: 3/3
  1334 | D:2      | Reached *** piety under Trog
  1932 | D:3      | Reached skill level 1 in Throwing
  2065 | D:3      | Found a faded altar of an unknown god.
  2342 | D:4      | Noticed a phantom
  2355 | D:4      | Noticed Duvessa
  2357 | D:4      | Killed a phantom
  2358 | D:4      | Reached XP level 5. HP: 53/53 MP: 4/4
  2374 | D:4      | Slain by Duvessa

Illustrated notes

Levels and vault maps discovered:
D:1:      eino_arrival_druids_welcome, layout_basic
D:2:      layout_basic, minmay_crystal_room
D:3:      layout_rooms, ebering_ecumenical_altar_ruins, nrook_campfire,
          kennysheep_potato
D:4:      layout_loops_ring, minmay_overflow_temple_star_quad,
          hangedman_decor_slide_cut, grunt_tough_drop, uniq_duvessa,
          uniq_blork_the_orc

Skill      XL: |  1  2  3  4 |
---------------+-------------+-----
Fighting       | 3 |  3.5
Axes           | 3 |  3.5
Dodging        | 3 |  3.2
Throwing       | 1 |  1.3

Action                   |  1- 3 |  4- 6 || total
-------------------------+-------+-------++-------
Melee: Hand axe          |   142 |   116 ||   258
Invok: Berserk           |     1 |     1 ||     2
       Trog's Hand       |       |     2 ||     2
Armor: Animal skin       |    65 |    35 ||   100
Dodge: Dodged            |    74 |    53 ||   127

Table legend: (Time is in decaauts)
 A = Elapsed time spent in this place.
 B = Non-inter-level travel time spent in this place.
 C = Inter-level travel time spent in this place.
 D = Time resting spent in this place.
 E = Time spent auto-exploring this place.
 F = Levels seen in this place.
 G = Mean time per level.
                   A        B        C        D        E       F      G
               +--------+--------+--------+--------+--------+-----+--------+
         Total |   2420 |   2279 |    141 |     38 |   1685 |   4 |  605.0 |
       Dungeon |   2420 |   2279 |    141 |     38 |   1685 |   4 |  605.0 |
               +--------+--------+--------+--------+--------+-----+--------+

Top non-repeatable levels by time:
     D:2: 1023 daAuts
     D:1: 701 daAuts
     D:3: 564 daAuts
     D:4: 131 daAuts
